[Event "Titled Tuesday Blitz January 31 Early 2023"]
[White "Veiga, Jose Francisco R P Neves"]
[Black "Nakamura, Hikaru"]
[WhiteFideId "1930087"]
[BlackFideId "2016192"]
[WhiteElo "2406"]
[BlackElo "2775"]
[Result "0-1"]
[Round "01"]
[TimeControl "180+2"]
[Date "2023.01.31"]
[WhiteClock "0:01:21"]
[BlackClock "0:01:38"]

1. c4 g6 2. Nc3 Bg7 3. Nf3 d6 4. d4 Nc6 5. d5 Na5 6. Qd3 c5 7. Bd2 Nf6 8. e4 Bg4 9. Be2 Nd7 10. b3 a6 11. O-O O-O 12. Qc2 Rb8 13. a4 e6 14. Rad1 exd5 15. exd5 Bf5 16. Bd3 Bxd3 17. Qxd3 Nxb3 18. Bg5 Qc7 19. Ne4 Nd4 20. Nxd4 cxd4 21. Be7 f5 22. Bxd6 fxe4 23. Bxc7 exd3 24. Bxb8 Rxb8 25. Rxd3 Ne5 26. Rxd4 Nf3+ 27. gxf3 Bxd4 28. Rb1 a5 29. Rb5 b6 30. d6 Bc5 0-1


[Site "https://www.chess.com"]

[Event "Titled Tuesday Blitz January 31 Early 2023"]
[White "Dubov, Daniil"]
[Black "Priasmoro, Novendra"]
[WhiteFideId "24126055"]
[BlackFideId "7105029"]
[WhiteElo "2708"]
[BlackElo "2504"]
[Result "1-0"]
[Round "01"]
[TimeControl "180+2"]
[Date "2023.01.31"]
[WhiteClock "0:00:19"]
[BlackClock "0:00:03"]

1. d4 Nf6 2. Nf3 g6 3. c4 Bg7 4. Nc3 d5 5. Bg5 O-O 6. Bxf6 Bxf6 7. cxd5 c6 8. dxc6 Nxc6 9. e3 Bg4 10. Be2 Qb6 11. Rb1 Rfd8 12. O-O e5 13. d5 Ne7 14. e4 Bxf3 15. Bxf3 Nc8 16. Qd3 Nd6 17. Rfc1 Rac8 18. Rc2 Bg5 19. g3 h5 20. h4 Bh6 21. Bg2 Rc4 22. Bh3 Qd4 23. Qe2 Qc5 24. Bf1 Qa5 25. Qf3 Rcc8 26. Bd3 b5 27. a3 b4 28. axb4 Qxb4 29. Ra1 a5 30. Kg2 Qb6 31. Qe2 Qb4 32. Ra4 Qb6 33. Qd1 Rc7 34. Qa1 Nb7 35. Rc4 Rxc4 36. Bxc4 Rc8 37. Bd3 Qb3 38. Qa4 Qxa4 39. Nxa4 Rxc2 40. Bxc2 Bf8 41. Nb6 Bc5 42. Nc4 Bd4 43. f4 f6 44. Kf3 Kf7 45. Ba4 Ke7 46. b3 Bc3 47. Bc6 Nc5 48. d6+ Kd8 49. Ba4 f5 50. fxe5 fxe4+ 51. Ke3 Bb4 52. Kd4 Be1 53. Kxc5 Bf2+ 54. Kd5 e3 55. Nxe3 Bxe3 56. e6 1-0


[Site "https://www.chess.com"]

[Event "Titled Tuesday Blitz January 31 Early 2023"]
[White "So, Wesley"]
[Black "Vestby-Ellingsen, Mads"]
[WhiteFideId "5202213"]
[BlackFideId "1520857"]
[WhiteElo "2760"]
[BlackElo "2387"]
[Result "1-0"]
[Round "01"]
[TimeControl "180+2"]
[Date "2023.01.31"]
[WhiteClock "0:01:31"]
[BlackClock "0:00:03"]

1. e4 e5 2. Nf3 Nc6 3. Bc4 Bc5 4. c3 Nf6 5. d4 exd4 6. e5 d5 7. Be2 Ne4 8. cxd4 Bb6 9. Nc3 O-O 10. O-O Nxc3 11. bxc3 f6 12. exf6 Qxf6 13. Bg5 Qf7 14. Bh4 h6 15. Bg3 Bf5 16. a4 Ba5 17. Qb3 Rae8 18. Qxb7 Rxe2 19. Qxc6 Bd7 20. Qa6 Bxc3 21. Qxe2 Bxa1 22. Rxa1 Bg4 23. h3 Bh5 24. Rc1 Re8 25. Qd3 Bg6 26. Qd2 Be4 27. Rxc7 Qg6 28. Ne5 Qb6 29. Qc3 Kh7 30. Kh2 Qb1 31. Qc6 Rg8 32. Qc1 Qb3 33. f3 Bf5 34. a5 Qa2 35. Qc5 Qd2 36. Qxa7 h5 37. h4 Qe3 38. Nf7 Bg6 39. Ng5+ Kh8 40. Be5 1-0


[Site "https://www.chess.com"]

[Event "Titled Tuesday Blitz January 31 Early 2023"]
[White "Moksh Amit Doshi"]
[Black "Andreikin, Dmitry"]
[WhiteFideId "25064967"]
[BlackFideId "4158814"]
[WhiteElo "2401"]
[BlackElo "2729"]
[Result "0-1"]
[Round "01"]
[TimeControl "180+2"]
[Date "2023.01.31"]
[WhiteClock "0:00:21"]
[BlackClock "0:01:40"]

1. d4 Nf6 2. c4 e6 3. Nf3 b6 4. g3 Bb7 5. Bg2 Bb4+ 6. Bd2 a5 7. O-O O-O 8. Bf4 Be7 9. Nc3 Ne4 10. Nb5 Na6 11. Qc2 Nf6 12. a3 Rc8 13. Rfe1 Be4 14. Qd2 d6 15. Nc3 Bb7 16. e4 c5 17. d5 e5 18. Bg5 h6 19. Bxf6 Bxf6 20. h4 Rb8 21. Bh3 Nc7 22. Kg2 Ba6 23. b3 b5 24. cxb5 Nxb5 25. Nxb5 Rxb5 26. Rab1 Qb6 27. Qc3 Rb8 28. Nd2 Qc7 29. Rb2 g6 30. Kg1 Bg7 31. Bf1 R5b6 32. Bxa6 Rxa6 33. Nc4 f5 34. a4 Rb4 35. Qd3 Ra8 36. exf5 e4 37. Qxe4 Bxb2 38. Qe6+ Qf7 39. Nxb2 Qxe6 40. fxe6 Kf8 41. e7+ Ke8 42. Nc4 Kd7 43. Re6 Re8 44. Nxa5 Rd4 45. Rxg6 Rxd5 46. Rxh6 Rxe7 47. Nc4 Rd3 48. Kg2 d5 49. Ne3 Rd2 50. Rb6 Rxe3 0-1


[Site "https://www.chess.com"]

[Event "Titled Tuesday Blitz January 31 Early 2023"]
[White "Duda, Jan-Krzysztof"]
[Black "Goldin, Alexander"]
[WhiteFideId "1170546"]
[BlackFideId "2019540"]
[WhiteElo "2724"]
[BlackElo "2542"]
[Result "1-0"]
[Round "01"]
[TimeControl "180+2"]
[Date "2023.01.31"]
[WhiteClock "0:01:50"]
[BlackClock "0:00:44"]

1. c4 e6 2. Nf3 d5 3. g3 Nf6 4. Bg2 Be7 5. O-O O-O 6. Ne5 Nbd7 7. d4 c6 8. Nc3 Nxe5 9. dxe5 Nd7 10. cxd5 cxd5 11. e4 dxe4 12. Bf4 g5 13. Be3 Nxe5 14. Nxe4 Qxd1 15. Rfxd1 f6 16. Rac1 Rf7 17. Bd4 Nc6 18. Bc5 Rb8 19. Bxe7 Nxe7 20. Rd8+ Kg7 21. Rc7 1-0


[Site "https://www.chess.com"]

[Event "Titled Tuesday Blitz January 31 Early 2023"]
[White "Sarana, Alexey"]
[Black "Ilkhomi, Jaloliddin"]
[WhiteFideId "24133795"]
[BlackFideId "14700948"]
[WhiteElo "2685"]
[BlackElo "1997"]
[Result "1-0"]
[Round "01"]
[TimeControl "180+2"]
[Date "2023.01.31"]
[WhiteClock "0:00:12"]
[BlackClock "0:00:07"]

1. d4 Nf6 2. c4 e6 3. Nc3 Bb4 4. e3 O-O 5. Bd3 d5 6. a3 Bxc3+ 7. bxc3 b6 8. cxd5 exd5 9. Ne2 c5 10. O-O Nc6 11. f3 Re8 12. Ng3 Na5 13. Re1 a6 14. Bb2 Bd7 15. e4 dxe4 16. fxe4 Bg4 17. Qc2 cxd4 18. cxd4 Rc8 19. Qf2 Nb3 20. Rab1 Nh5 21. d5 Nc5 22. Bf1 f6 23. Bd4 Nxg3 24. Qxg3 Bh5 25. Bxc5 Rxc5 26. Bxa6 Bg6 27. Rbd1 Rxe4 28. d6 Rg5 29. Qf2 Rc5 30. d7 Bf5 31. Rxe4 Bxe4 32. Qd4 Bc6 33. Bc4+ Kh8 34. Be6 h6 35. Qd6 Rc2 36. Bh3 b5 37. Qd4 Rc4 38. Qe3 Re4 39. Qc5 Bxd7 40. Rxd7 Qe8 41. Rd2 Re1+ 42. Kf2 Rb1 43. Re2 Qd8 44. Qe3 Rd1 45. Qe8+ Qxe8 46. Rxe8+ Kh7 47. Bf5+ g6 48. Re7+ Kg8 49. Bxg6 Rd2+ 50. Kf3 Ra2 51. Bf7+ Kf8 52. Bxa2 Kxe7 53. Kf4 Kd6 54. Kf5 b4 55. axb4 1-0


[Site "https://www.chess.com"]

[Event "Titled Tuesday Blitz January 31 Early 2023"]
[White "Pranav, V"]
[Black "Toncheva, Nadya"]
[WhiteFideId "25060783"]
[BlackFideId "2924056"]
[WhiteElo "2597"]
[BlackElo "2295"]
[Result "1-0"]
[Round "01"]
[TimeControl "180+2"]
[Date "2023.01.31"]
[WhiteClock "0:00:48"]
[BlackClock "0:00:15"]

1. e4 c5 2. Nf3 Nc6 3. Bb5 e6 4. Bxc6 bxc6 5. O-O d6 6. e5 d5 7. d3 Ne7 8. Re1 Nf5 9. Nbd2 h5 10. Nf1 Be7 11. h3 g5 12. N3h2 Ba6 13. b3 Kd7 14. c4 Qc7 15. a3 Rab8 16. b4 cxb4 17. axb4 Bc8 18. b5 cxb5 19. cxd5 Bb4 20. d6 Qb6 21. Re2 a5 22. Bd2 Nd4 23. Re4 Bxd2 24. Nxd2 Bb7 25. Nhf3 Nf5 26. Rb1 Rbc8 27. Nxg5 Rhg8 28. Nh7 Rg7 29. Nf6+ Kd8 30. Qxh5 Nxd6 31. exd6 Qxd6 32. Qh8+ Ke7 33. Qxg7 Bxe4 34. Nfxe4 Qxd3 35. Qf6+ Kf8 36. Qh8+ Ke7 37. Qxc8 1-0


[Site "https://www.chess.com"]

[Event "Titled Tuesday Blitz January 31 Early 2023"]
[White "Shapiro, Viktor"]
[Black "Jobava, Baadur"]
[WhiteFideId "4175700"]
[BlackFideId "13601520"]
[WhiteElo "2192"]
[BlackElo "2578"]
[Result "1-0"]
[Round "01"]
[TimeControl "180+2"]
[Date "2023.01.31"]
[WhiteClock "0:00:11"]
[BlackClock "0:00:05"]

1. c4 Nf6 2. Nc3 e6 3. g3 d5 4. Bg2 d4 5. Na4 e5 6. d3 Nc6 7. a3 a5 8. Nf3 Be7 9. O-O O-O 10. Bg5 Re8 11. Rb1 Bf5 12. b4 axb4 13. axb4 Bxb4 14. Nh4 Bd7 15. Bxc6 Bxc6 16. Rxb4 Qd6 17. Qb3 Nd7 18. c5 Qf8 19. Nb2 Nxc5 20. Qc2 Ne6 21. Bd2 Ng5 22. f3 Ne6 23. Nc4 f6 24. Rb2 g6 25. Na5 Bd5 26. Nxb7 f5 27. Na5 Qf6 28. Rb5 Rad8 29. Nc6 Rd6 30. Nb4 Ba8 31. Ng2 f4 32. g4 h5 33. h3 Kg7 34. Ra1 hxg4 35. hxg4 Rh8 36. Kf2 c5 37. Ra7+ Kh6 38. Rba5 Rdd8 39. Na6 Kg5 40. Nxc5 Ng7 41. Rxa8 Kh6 42. Ne4 Qb6 43. g5+ Kh7 44. R8a6 1-0


[Site "https://www.chess.com"]

[Event "Titled Tuesday Blitz January 31 Early 2023"]
[White "Kalogeris, Ioannis"]
[Black "Deac, Bogdan-Daniel"]
[WhiteFideId "4239563"]
[BlackFideId "1226380"]
[WhiteElo "2423"]
[BlackElo "2700"]
[Result "1-0"]
[Round "01"]
[TimeControl "180+2"]
[Date "2023.01.31"]
[WhiteClock "0:00:13"]
[BlackClock "0:00:06"]

1. e4 g6 2. d4 Bg7 3. Nf3 d6 4. h3 c5 5. d5 Nf6 6. Nc3 O-O 7. Be2 b5 8. e5 dxe5 9. Bxb5 Bb7 10. Be3 Nxd5 11. Nxd5 Bxd5 12. O-O a6 13. Ba4 c4 14. c3 Nc6 15. Nd2 Qc7 16. Qe2 Na5 17. Rfd1 Rab8 18. Rab1 e6 19. Bg5 h6 20. Bh4 f5 21. f3 Nb7 22. Bc2 Nd6 23. Bg3 Nf7 24. Kh1 Rb7 25. Re1 Rfb8 26. b3 cxb3 27. Bxb3 Bxb3 28. Nxb3 Qxc3 29. Rbc1 Qb4 30. Qxa6 Qb6 31. Qc4 Ra8 32. Nc5 Re7 33. a4 f4 34. Bf2 Qa5 35. Qe4 Rae8 36. Qxg6 Rb8 37. Nxe6 Nh8 38. Qf5 Rbe8 39. Nxf4 Rf7 40. Qh5 Qxa4 41. Nd3 Qa2 42. Be3 Qd5 43. Nf2 Qe6 44. Ng4 Ref8 45. Bxh6 Re7 46. Bxg7 Kxg7 47. Qg5+ Ng6 48. Rxe5 Qd6 49. Rxe7+ Qxe7 50. Qxe7+ Nxe7 51. Kh2 Rd8 52. Rc7 Kf8 53. h4 Rd2 54. Ne5 Nd5 55. Rd7 Ke8 56. h5 1-0


[Site "https://www.chess.com"]

[Event "Titled Tuesday Blitz January 31 Early 2023"]
[White "Le, Tuan Minh"]
[Black "ArchibaldCerveza29"]
[WhiteFideId "12401153"]
[WhiteElo "2542"]
[BlackElo "2529"]
[Result "1-0"]
[Round "01"]
[TimeControl "180+2"]
[Date "2023.01.31"]
[WhiteClock "0:00:05"]
[BlackClock "0:00:06"]

1. d4 d5 2. Nf3 Nf6 3. Bf4 c5 4. c3 Nc6 5. e3 g6 6. Nbd2 Bg7 7. Be2 Qb6 8. Qb3 c4 9. Qa3 O-O 10. b3 cxb3 11. axb3 Ne4 12. Nxe4 dxe4 13. Nd2 e5 14. Nc4 Qd8 15. dxe5 Be6 16. O-O Bxc4 17. Bxc4 Nxe5 18. Qb4 Nxc4 19. Qxc4 Qb6 20. Rfd1 Rac8 21. Qxe4 Bxc3 22. Rab1 Rfe8 23. Qf3 Bg7 24. h4 Qb5 25. Rd5 Qc6 26. h5 Qc2 27. Rdd1 Red8 28. h6 Bh8 29. b4 b5 30. Bg5 Rd3 31. Rxd3 Qxd3 32. Rd1 Qf5 33. Qb7 Rf8 34. Be7 Re8 35. Qc6 Qc8 36. Qd6 Bc3 37. Bf6 Re6 38. Qd8+ Re8 39. Qxc8 Rxc8 40. Bxc3 1-0


[Site "https://www.chess.com"]

[Event "Titled Tuesday Blitz January 31 Early 2023"]
[White "Indjic, Aleksandar"]
[Black "Defend, Balint"]
[WhiteFideId "911925"]
[BlackFideId "17004853"]
[WhiteElo "2618"]
[BlackElo "1673"]
[Result "1-0"]
[Round "01"]
[TimeControl "180+2"]
[Date "2023.01.31"]
[WhiteClock "0:02:16"]
[BlackClock "0:00:28"]

1. e4 c5 2. Nf3 d6 3. d4 cxd4 4. Nxd4 Nf6 5. Nc3 a6 6. Bc4 e6 7. Bb3 b5 8. Be3 Be7 9. Qe2 Qc7 10. a3 Nc6 11. O-O-O Nxd4 12. Bxd4 Bb7 13. f3 O-O 14. g4 Nd7 15. h4 Nc5 16. Ba2 Rac8 17. Kb1 Rfd8 18. g5 Qa5 19. Qd2 b4 20. Ne2 Qb5 21. axb4 Nxe4 22. fxe4 Bxe4 23. Nc3 Rxc3 24. Bxc3 Bxh1 25. Rxh1 d5 26. Qd4 Bf8 27. h5 Qb7 28. Re1 Qc7 29. h6 e5 30. Rxe5 1-0


[Site "https://www.chess.com"]

[Event "Titled Tuesday Blitz January 31 Early 2023"]
[White "Colas, Joshua"]
[Black "Caruana, Fabiano"]
[WhiteFideId "2044447"]
[BlackFideId "2020009"]
[WhiteElo "2342"]
[BlackElo "2764"]
[Result "0-1"]
[Round "01"]
[TimeControl "180+2"]
[Date "2023.01.31"]
[WhiteClock "0:00:03"]
[BlackClock "0:00:40"]

1. Nf3 g6 2. d4 Bg7 3. e3 Nf6 4. Be2 O-O 5. O-O b6 6. b3 Bb7 7. Bb2 e6 8. c4 d6 9. Nc3 Nbd7 10. Qc2 c5 11. Rad1 Qe7 12. dxc5 Nxc5 13. Nd4 Rfd8 14. Bf3 Bxf3 15. Nxf3 Rac8 16. Rd2 a6 17. Rfd1 b5 18. b4 Nb7 19. cxb5 axb5 20. Qd3 d5 21. Nxb5 Qxb4 22. Nbd4 Ne4 23. Rc2 Nbc5 24. Qe2 Na4 25. Nc6 Rxc6 26. Rxc6 Nxb2 27. Rdc1 Nc4 28. Nd4 Bxd4 29. exd4 Nc3 30. Qc2 Nb5 31. Rb1 Qa5 32. Rc5 Nca3 33. Rcxb5 Qxb5 0-1


[Site "https://www.chess.com"]

[Event "Titled Tuesday Blitz January 31 Early 2023"]
[White "Taichman, Ori"]
[Black "Kollars, Dmitrij"]
[WhiteFideId "2804069"]
[BlackFideId "12909572"]
[WhiteElo "2299"]
[BlackElo "2607"]
[Result "0-1"]
[Round "01"]
[TimeControl "180+2"]
[Date "2023.01.31"]
[WhiteClock "0:00:56"]
[BlackClock "0:00:43"]

1. e4 c6 2. d4 d5 3. e5 Bf5 4. h4 h5 5. Bd3 Bxd3 6. Qxd3 Qa5+ 7. Nd2 e6 8. c4 Nh6 9. Nf3 Nf5 10. O-O Be7 11. g3 O-O 12. c5 b6 13. b4 Qxb4 14. Ba3 Qa4 15. cxb6 axb6 16. Bxe7 Nxe7 17. Ng5 Nf5 18. Nb3 Nd7 19. f3 c5 20. g4 c4 21. Qb1 cxb3 22. gxf5 Qxd4+ 23. Kg2 Qxh4 24. Nh3 Rxa2+ 25. Rxa2 bxa2 26. Qxa2 Nxe5 27. fxe6 fxe6 28. Qe2 Qf6 29. f4 Ng4 30. Ng5 Rc8 31. Ra1 Rc2 32. Ra8+ Qf8 33. Rxf8+ Kxf8 34. Nxe6+ Kg8 35. Qxc2 Ne3+ 36. Kf2 Nxc2 37. Nc7 d4 38. Ke2 Ne3 39. Ne6 Nf5 40. Kd3 h4 41. Ng5 b5 42. Ke4 g6 0-1


[Site "https://www.chess.com"]

[Event "Titled Tuesday Blitz January 31 Early 2023"]
[White "Bluebaum, Matthias"]
[Black "Garv Gaur"]
[WhiteFideId "24651516"]
[BlackFideId "45030839"]
[WhiteElo "2669"]
[BlackElo "2006"]
[Result "0-1"]
[Round "01"]
[TimeControl "180+2"]
[Date "2023.01.31"]
[WhiteClock "0:00:18"]
[BlackClock "0:00:44"]

1. d4 Nf6 2. c4 e6 3. Nc3 d5 4. cxd5 exd5 5. Bg5 Be7 6. e3 h6 7. Bf4 O-O 8. Bd3 Bd6 9. Nge2 Re8 10. h3 a6 11. O-O c5 12. dxc5 Bxc5 13. Rc1 Bd6 14. Bb1 Be6 15. Na4 Bxf4 16. Nxf4 Nbd7 17. Qd4 Rc8 18. Nxe6 fxe6 19. Bg6 Rf8 20. Rfd1 Qe7 21. Nb6 Rxc1 22. Rxc1 e5 23. Nxd5 Qe6 24. Nxf6+ Rxf6 25. Rc8+ Nf8 26. Qb4 Qxc8 27. Be4 Qd7 28. Qc5 Qd6 29. Qc4+ Kh8 30. Bxb7 Qd1+ 31. Kh2 Rxf2 32. Qc5 Rf1 33. Bxa6 Rh1+ 34. Kg3 Qe1+ 35. Kg4 Qf2 36. Bb7 h5+ 37. Kg5 Qf6+ 38. Kxh5 Qf5+ 39. Kh4 Ng6+ 40. Kg3 Qg5+ 41. Kf3 e4+ 42. Bxe4 Qxc5 43. Bxg6 Re1 44. e4 Rf1+ 45. Kg4 Qe3 46. Bf5 Rf4+ 47. Kh5 Qe2+ 48. Kg5 Rxf5+ 49. exf5 Qxg2+ 50. Kf4 Qxb2 51. h4 Qxa2 52. Kg4 Qc4+ 53. Kh5 Qe2+ 54. Kg5 Qe7+ 55. Kh5 Kh7 56. Kg4 Qe4+ 57. Kg5 Qe3+ 58. Kh5 Qf3+ 59. Kg5 Qg3+ 60. Kh5 g6+ 61. fxg6+ Qxg6# 0-1


[Site "https://www.chess.com"]

[Event "Titled Tuesday Blitz January 31 Early 2023"]
[White "Bethke, Richard"]
[Black "Bortnyk, Olexandr"]
[WhiteFideId "12959243"]
[BlackFideId "14120828"]
[WhiteElo "2382"]
[BlackElo "2605"]
[Result "0-1"]
[Round "01"]
[TimeControl "180+2"]
[Date "2023.01.31"]
[WhiteClock "0:00:02"]
[BlackClock "0:01:07"]

1. e4 Nf6 2. Nc3 d5 3. e5 Nfd7 4. d4 c5 5. e6 fxe6 6. Nf3 Nc6 7. Bb5 g6 8. Bxc6 bxc6 9. Qe2 Bg7 10. Be3 cxd4 11. Bxd4 Nf6 12. Ng5 Qd6 13. Be5 Qb4 14. a3 Qb6 15. O-O h6 16. Nxe6 Bxe6 17. Bxf6 Bxf6 18. Qxe6 Kf8 19. Rfe1 Kg7 20. b4 Rhf8 21. Na4 Qc7 22. Rad1 Qf4 23. Nc5 Bh4 24. Nd3 Qf6 25. Qxf6+ Bxf6 26. Re6 Rfc8 27. Rc1 a5 28. c4 axb4 29. Nxb4 dxc4 30. Nxc6 Kf7 31. Re4 Rxc6 0-1


[Site "https://www.chess.com"]

[Event "Titled Tuesday Blitz January 31 Early 2023"]
[White "Md, Imran"]
[Black "Terry, Renato"]
[WhiteFideId "25748580"]
[BlackFideId "3803457"]
[WhiteElo "2284"]
[BlackElo "2520"]
[Result "1/2-1/2"]
[Round "01"]
[TimeControl "180+2"]
[Date "2023.01.31"]
[WhiteClock "0:00:14"]
[BlackClock "0:00:20"]

1. d4 Nf6 2. c4 b6 3. Nc3 Bb7 4. f3 Nc6 5. e3 e5 6. d5 Ne7 7. Nge2 Ng6 8. h4 h5 9. e4 Nh7 10. g3 Bc5 11. a3 a5 12. Na4 O-O 13. Nxc5 bxc5 14. Bh3 d6 15. Be3 Bc8 16. Bxc8 Qxc8 17. Qc2 f5 18. exf5 Rxf5 19. O-O Qd7 20. Nc3 Raf8 21. Kg2 Nf6 22. Rab1 e4 23. f4 Re8 24. b4 axb4 25. axb4 cxb4 26. Rxb4 Ng4 27. Qd2 Rf7 28. c5 dxc5 29. Bxc5 e3 30. Qe2 Qf5 31. Rc4 Nf2 32. Rxf2 exf2 33. Qxe8+ Kh7 34. Bxf2 Re7 35. Qa4 Qg4 36. Kh2 Qf5 37. Qd1 Ne5 38. fxe5 Qxf2+ 39. Kh1 Rxe5 40. Qd3+ Kh8 41. Re4 Qf5 42. Qe2 Qh3+ 43. Kg1 Qxg3+ 44. Kf1 Qxc3 45. Rxe5 Qh3+ 46. Ke1 Qxh4+ 47. Kd1 Qd4+ 48. Kc2 Qa4+ 49. Kd2 Qd4+ 50. Ke1 Qg1+ 51. Kd2 Qd4+ 52. Kc1 Qc3+ 53. Kd1 Qa1+ 54. Kd2 Qd4+ 1/2-1/2


[Site "https://www.chess.com"]

[Event "Titled Tuesday Blitz January 31 Early 2023"]
[White "Eljanov, Pavel"]
[Black "Osmak, Yuliia"]
[WhiteFideId "14102951"]
[BlackFideId "14101602"]
[WhiteElo "2705"]
[BlackElo "2440"]
[Result "1-0"]
[Round "01"]
[TimeControl "180+2"]
[Date "2023.01.31"]
[WhiteClock "0:01:29"]
[BlackClock "0:00:36"]

1. e4 e6 2. d4 d5 3. e5 c5 4. c3 Nc6 5. Nf3 Qb6 6. a3 c4 7. Be2 Bd7 8. O-O Nge7 9. Nbd2 Nc8 10. b3 cxb3 11. Nxb3 Qc7 12. a4 Nb6 13. Nc5 Bxc5 14. dxc5 Nc4 15. Bxc4 dxc4 16. Qd6 O-O-O 17. Bg5 f6 18. Qxc7+ Kxc7 19. exf6 Rde8 20. fxg7 Rhg8 21. Bf6 Ne7 22. Be5+ Kc8 23. Nd4 Nc6 24. Nxc6 Bxc6 25. a5 a6 26. Rfd1 Rd8 27. Rd6 Rxd6 28. cxd6 Kd7 29. Rd1 Bd5 30. f3 Kc6 31. Rb1 Kd7 32. Kf2 h5 33. h4 Bc6 34. g4 1-0


[Site "https://www.chess.com"]

[Event "Titled Tuesday Blitz January 31 Early 2023"]
[White "Manukyan, Artyom"]
[Black "Anton Guijarro, David"]
[WhiteFideId "13305786"]
[BlackFideId "2285525"]
[WhiteElo "2110"]
[BlackElo "2690"]
[Result "0-1"]
[Round "01"]
[TimeControl "180+2"]
[Date "2023.01.31"]
[WhiteClock "0:00:01"]
[BlackClock "0:00:15"]

1. e4 c6 2. d4 d5 3. exd5 cxd5 4. Bd3 Nc6 5. c3 e6 6. Bf4 Nge7 7. Nf3 f6 8. O-O g5 9. Bg3 Bg7 10. h4 g4 11. Nh2 h5 12. Nd2 e5 13. dxe5 fxe5 14. f3 Be6 15. Qc2 O-O 16. Rae1 Qd7 17. Nb3 b6 18. Rd1 Rad8 19. fxg4 hxg4 20. h5 Nf5 21. Bxf5 Bxf5 22. Qe2 Qe6 23. Rf2 d4 24. cxd4 exd4 25. Qxe6+ Bxe6 26. Rxf8+ Rxf8 27. Nf1 a5 28. Bf2 a4 29. Nc1 b5 30. Re1 Bc4 31. Nd2 Nb4 32. Nxc4 bxc4 33. a3 Nc2 0-1


[Site "https://www.chess.com"]

[Event "Titled Tuesday Blitz January 31 Early 2023"]
[White "Cella, Glaucio Dalla Cortt"]
[Black "Sanal, Vahap"]
[WhiteFideId "2119455"]
[BlackFideId "6300545"]
[WhiteElo "1894"]
[BlackElo "2600"]
[Result "0-1"]
[Round "01"]
[TimeControl "180+2"]
[Date "2023.01.31"]
[WhiteClock "0:00:20"]
[BlackClock "0:01:16"]

1. e4 c5 2. Nf3 e6 3. c3 d5 4. exd5 exd5 5. Bb5+ Bd7 6. Qe2+ Be7 7. O-O Nf6 8. Bxd7+ Nbxd7 9. Re1 Nf8 10. d4 Ne6 11. Qb5+ Qd7 12. Qxd7+ Nxd7 13. Be3 O-O 14. dxc5 Ndxc5 15. Nd4 Bf6 16. Nxe6 Nxe6 17. Nd2 d4 18. cxd4 Nxd4 19. Bxd4 Bxd4 20. Rab1 Rac8 21. Nf3 Bb6 22. Re2 Rfd8 23. g3 f6 24. h4 Kf7 25. Kg2 Rd5 26. b4 h5 27. Rbb2 Rc4 28. Nd2 Rc6 29. Ne4 a6 30. a4 Ba7 31. b5 axb5 32. axb5 Re6 33. b6 Bb8 34. Red2 Rxd2 35. Nxd2 Be5 36. Nf3 Bxb2 0-1


[Site "https://www.chess.com"]

[Event "Titled Tuesday Blitz January 31 Early 2023"]
[White "Lehtosaari, Mauri"]
[Black "Chigaev, Maksim"]
[WhiteFideId "501999"]
[BlackFideId "4108116"]
[WhiteElo "2176"]
[BlackElo "2628"]
[Result "0-1"]
[Round "01"]
[TimeControl "180+2"]
[Date "2023.01.31"]
[WhiteClock "0:00:02"]
[BlackClock "0:01:00"]

1. d4 Nf6 2. Nf3 g6 3. Bg5 Bg7 4. e3 O-O 5. Be2 d6 6. O-O c5 7. c3 Qb6 8. Qb3 Be6 9. Qxb6 axb6 10. a3 Bd5 11. Nbd2 Bc6 12. Rac1 Nbd7 13. Bh4 b5 14. h3 Nb6 15. Bd1 h6 16. Re1 g5 17. Bg3 Nc4 18. Nxc4 bxc4 19. Nd2 b5 20. Bc2 Rfd8 21. Rcd1 Kf8 22. f3 Nd5 23. e4 Nf4 24. d5 Bd7 25. h4 b4 26. Bxf4 gxf4 27. Nxc4 bxc3 28. Nb6 cxb2 29. Nxa8 Rxa8 30. Bb1 Rxa3 31. Re2 c4 32. Rc2 Ba4 33. Rxc4 Bf6 34. Rd2 Ra1 35. Kh2 Rxb1 36. Rxa4 Rh1+ 37. Kxh1 b1=Q+ 38. Kh2 Bxh4 39. Rda2 Bg3+ 40. Kh3 Qh1+ 41. Kg4 Qh4+ 42. Kf5 Qg5# 0-1


[Site "https://www.chess.com"]

[Event "Titled Tuesday Blitz January 31 Early 2023"]
[White "Narayanan.S.L"]
[Black "Vetokhin, Ilia"]
[WhiteFideId "5058422"]
[BlackFideId "24156078"]
[WhiteElo "2660"]
[BlackElo "2305"]
[Result "1-0"]
[Round "01"]
[TimeControl "180+2"]
[Date "2023.01.31"]
[WhiteClock "0:02:22"]
[BlackClock "0:00:17"]

1. e4 c5 2. Nf3 Nc6 3. d4 cxd4 4. Nxd4 Nf6 5. Nc3 d6 6. Be2 e5 7. Nf3 Be7 8. O-O h6 9. Re1 O-O 10. Bf1 a6 11. a4 Be6 12. b3 Rc8 13. Bb2 Nb8 14. Qd3 Nbd7 15. Rad1 Qc7 16. h3 Rfd8 17. Qe3 Nc5 18. Nd2 Kh7 19. Nc4 g6 20. Qf3 Kg8 21. Ne3 Qc6 22. Ned5 Bxd5 23. Nxd5 Nxd5 24. Rxd5 Ne6 25. c4 Bf8 26. Red1 Bg7 27. g3 Nd4 28. Bxd4 exd4 29. h4 Re8 30. Bd3 Re5 31. h5 g5 32. Kg2 Rce8 33. a5 Qc7 34. b4 Rxd5 35. exd5 Qe7 36. Qf5 Qf6 37. Qxf6 Bxf6 38. c5 dxc5 39. bxc5 Rc8 40. Rc1 Be7 41. d6 Bd8 42. Be4 Rb8 43. Bxb7 Rxb7 44. c6 Rb8 45. c7 Bxc7 46. dxc7 Rc8 47. Kf3 Kf8 48. Ke4 Ke7 49. Kxd4 Kd7 50. Ke5 Rxc7 51. Rxc7+ Kxc7 52. Kf6 Kc6 53. Kxf7 Kb5 54. Kg6 Kxa5 55. Kxh6 Kb5 56. Kxg5 a5 57. h6 a4 58. h7 a3 59. h8=Q a2 60. Qa1 1-0


[Site "https://www.chess.com"]

[Event "Titled Tuesday Blitz January 31 Early 2023"]
[White "Korobov, Anton"]
[Black "Martin Carmona, Gaston Manuel"]
[WhiteFideId "14105730"]
[BlackFideId "22284567"]
[WhiteElo "2664"]
[BlackElo "2333"]
[Result "1-0"]
[Round "01"]
[TimeControl "180+2"]
[Date "2023.01.31"]
[WhiteClock "0:01:21"]
[BlackClock "0:00:28"]

1. d4 Nf6 2. c4 g6 3. Nc3 Bg7 4. e4 d6 5. Be2 O-O 6. Bg5 h6 7. Be3 c5 8. d5 a6 9. a4 e6 10. Nf3 exd5 11. cxd5 Re8 12. Nd2 h5 13. h3 Nbd7 14. O-O b6 15. Qc2 Qc7 16. f4 Bb7 17. Bf2 Nxd5 18. exd5 Bxc3 19. Qxc3 Rxe2 20. Rae1 Rae8 21. Rxe2 Rxe2 22. Qd3 Re8 23. Ne4 b5 24. Re1 f5 25. Qg3 fxe4 26. Qxg6+ Kf8 27. Qh6+ Kg8 28. Re3 Kf7 29. Qh7+ Kf8 30. Rg3 1-0


[Site "https://www.chess.com"]

[Event "Titled Tuesday Blitz January 31 Early 2023"]
[White "Lopez Gracia, Fernando"]
[Black "Praggnanandhaa R"]
[WhiteFideId "2207184"]
[BlackFideId "25059530"]
[WhiteElo "2255"]
[BlackElo "2688"]
[Result "1-0"]
[Round "01"]
[TimeControl "180+2"]
[Date "2023.01.31"]
[WhiteClock "0:00:42"]
[BlackClock "0:00:12"]

1. c4 Nf6 2. Nc3 d5 3. cxd5 Nxd5 4. e4 Nxc3 5. dxc3 Qxd1+ 6. Kxd1 e5 7. f4 Bg4+ 8. Be2 Bxe2+ 9. Nxe2 Nc6 10. f5 g6 11. Be3 gxf5 12. exf5 h5 13. Kc2 f6 14. Rad1 h4 15. g4 h3 16. Ng3 Rh4 17. Ne4 Be7 18. Rhg1 Rd8 19. Rxd8+ Nxd8 20. Bf2 Rh7 21. Rg3 Nf7 22. Be3 Nd6 23. Nf2 Nc4 24. Bc1 Bc5 25. Rxh3 Rxh3 26. Nxh3 e4 27. Nf4 Ne5 28. h3 c6 29. Ne6 Bf2 30. Bf4 Nf3 31. g5 e3 32. Kd3 Ne1+ 33. Ke2 Ng2 34. g6 a6 35. Bd6 Nh4 36. Nd4 b6 37. b4 Bg1 38. c4 c5 39. bxc5 bxc5 40. Bxc5 Bh2 41. Kxe3 Bg1+ 42. Ke4 Bf2 43. Ne6 Bg3 44. Bd4 Ke7 45. Bc5+ Ke8 46. Bd4 Ke7 47. c5 Bb8 48. c6 Nxg6 49. Bc5+ Kf7 50. Nd8+ 1-0


[Site "https://www.chess.com"]